 Dungeon Crawl Stone Soup version 0.24-a0-291-g79c1ce7 (webtiles) character file.

Game seed: 1686483023536158274

567 galech the Chopper (level 7, -1/54 HPs)
             Began as a Demonspawn Fighter on May 9, 2019.
             Was a Follower of Okawaru.
             Slain by Edmund
             ... wielding a +4 dire flail of draining
              (3 damage)
             ... on level 5 of the Dungeon.
             The game lasted 00:03:57 (4134 turns).

galech the Chopper (Demonspawn Fighter)             Turns: 4134, Time: 00:03:57

Health: -1/54      AC: 17    Str: 17    XL:     7   Next: 11%
Magic:  16/16      EV:  3    Int:  9    God:    Okawaru [*.....]
Gold:   182        SH:  7    Dex: 14    Spells: 6/6 levels left

rFire    . . .     SeeInvis .   a - +0 war axe
rCold    . . .     Gourm    .   c - +0 shield
rNeg     . . .     Faith    .   n - +0 chain mail
rPois    .         Spirit   .   (helmet restricted)
rElec    .         Reflect  .   (no cloak)
rCorr    .         Harm     .   k - +2 pair of gloves
MR       .....                  (no boots)
Stlth    ..........             (no amulet)
HPRegen  0.18/turn              p - ring of magical power
MPRegen  0.15/turn              (no ring)

@: sanguine armour, very heavily drained
A: horns 2, powered by death 1, sanguine armour 1
a: Heroism, Renounce Religion


You were on level 5 of the Dungeon.
You worshipped Okawaru.
Okawaru was aware of your devotion.
You were hungry.

You visited 1 branch of the dungeon, and saw 5 of its levels.

You collected 182 gold pieces.

Inventory:

Hand Weapons
 a - a +0 war axe (weapon)
Armour
 b - a +0 scale mail
 c - a +0 shield (worn)
 k - a +2 pair of gloves (worn)
 n - a +0 chain mail (worn)
Jewellery
 p - a ring of magical power (left hand)
Scrolls
 g - 6 scrolls of identify {unknown}
 i - a scroll of teleportation {unknown}
 j - 2 scrolls of amnesia {unknown}
 o - a scroll of magic mapping {unknown}
 q - 3 scrolls of remove curse {unknown}
Potions
 e - 4 potions of lignification {unknown}
 h - 3 potions of heal wounds
 l - 3 potions of flight {unknown}
 m - a potion of brilliance {unknown}
 r - a potion of degeneration {unknown}
Comestibles
 f - 9 rations


   Skills:
 + Level 4.0(0.0) Fighting
 + Level 4.8(0.4) Axes
 + Level 4.0(0.0) Armour
 + Level 1.0(0.0) Dodging
 + Level 0.2(0.0) Stealth
 + Level 4.1(0.0) Shields


You had 6 spell levels left.
You didn't know any spells.
Your spell library was empty.

Dungeon Overview and Level Annotations

Branches:
Dungeon (5/15)
 Temple: D:4-7

Altars:
Fedhas
Nemelex Xobeh
Okawaru
Uskayaw
Xom

Shops:
D:4 %

Annotations:
D:3 3 runed translucent doors, Borgoz's ghost, amateur KoGl
D:5 Edmund


Innate Abilities, Weirdness & Mutations

You have a pair of horns on your head.
You regenerate a little health from kills.
When seriously injured, your bleeding wounds create armour. (AC +6)


Message History

Your chain mail prevents you from hitting Edmund.
Edmund is almost dead.
You block Edmund's attack.
Your shield and chain mail prevent you from hitting Edmund.
Your headbutt misses Edmund.
Edmund is almost dead.
Edmund hits you but does no damage.
You feel drained. Edmund hits you but does no damage.
You feel drained.
You hit Edmund but do no damage.
Edmund is almost dead.
You block Edmund's attack.
Your shield and chain mail prevent you from hitting Edmund.
Edmund is almost dead.
Edmund hits you with a +4 dire flail of draining.
* * * LOW HITPOINT WARNING * * *
You feel drained.
Edmund hits you with a +4 dire flail of draining!
* * * LOW HITPOINT WARNING * * *
You feel drained.
You die...

.########
#.....).#
##.......##
#.........##
#..........#
#..........##
###..........#
......@@<....#
.####........#
##......##
###...## #####


You could see Edmund.

Vanquished Creatures
  Menkaure (D:4)
  A scorpion (D:4)
  2 orc wizards
  Natasha (thrice) (D:3)
  4 worker ants (D:4)
  7 adders
  3 gnolls (D:3)
  2 oozes (D:1)
  A worm (D:2)
  5 leopard geckos
  7 orcs
  A ball python (D:2)
  5 bats
  3 giant cockroaches
  5 goblins
  6 hobgoblins
  5 kobolds
  2 quokkas
  2 frilled lizards
  7 rats
72 creatures vanquished.

Notes
Turn   | Place    | Note
-------+----------+-------------------------------------------
     0 | D:1      | galech the Demonspawn Fighter began the quest for the Orb.
     0 | D:1      | Reached XP level 1. HP: 18/18 MP: 1/1
    60 | D:1      | Gained mutation: You have a pair of small horns on your
                  | head. [demonic ancestry]
    60 | D:1      | Reached XP level 2. HP: 21/24 MP: 2/2
   363 | D:1      | Found a shimmering altar of Xom.
   692 | D:1      | Found a shimmering altar of Xom.
   750 | D:2      | Reached XP level 3. HP: 29/29 MP: 3/3
   831 | D:2      | Found a blossoming altar of Fedhas.
  1555 | D:2      | Gained mutation: You regenerate a little health from kills.
                  | [demonic ancestry]
  1555 | D:2      | Reached XP level 4. HP: 35/35 MP: 4/4
  1639 | D:2      | Found a hide-covered altar of Uskayaw.
  2221 | D:3      | Noticed Natasha
  2248 | D:3      | Killed Natasha
  2248 | D:3      | Gained mutation: When seriously injured, your bleeding
                  | wounds create armour. (AC +6) [demonic ancestry]
  2248 | D:3      | Reached XP level 5. HP: 11/41 MP: 5/5
  2670 | D:3      | Found a shimmering altar of Xom.
  2671 | D:3      | Found a sparkling altar of Nemelex Xobeh.
  2768 | D:3      | Found a runed translucent gate.
  2768 | D:3      | Found a runed translucent gate.
  2769 | D:3      | Found a runed translucent gate.
  2772 | D:3      | Noticed Borgoz's ghost (amateur KoGl)
  2859 | D:3      | Found an iron altar of Okawaru.
  2871 | D:3      | Became a worshipper of Warmaster Okawaru
  3019 | D:3      | Noticed Natasha
  3024 | D:3      | Killed Natasha
  3104 | D:3      | Noticed Natasha
  3115 | D:3      | Killed Natasha
  3115 | D:3      | Reached XP level 6. HP: 34/47 MP: 6/6
  3745 | D:4      | Found Vaic's Food Emporium.
  3835 | D:4      | Noticed Menkaure
  3843 | D:4      | Killed Menkaure
  3843 | D:4      | Reached * piety under Okawaru
  3843 | D:4      | Gained mutation: You have a pair of horns on your head.
                  | [demonic ancestry]
  3843 | D:4      | Reached XP level 7. HP: 19/54 MP: 7/7
  4024 | D:4      | Reached skill level 1 in Dodging
  4113 | D:5      | Entered Level 5 of the Dungeon
  4113 | D:5      | Noticed Edmund
  4134 | D:5      | HP: 2/54 [Edmund/+4 dire flail of draining (9)]
  4134 | D:5      | Slain by Edmund

Levels and vault maps discovered:
D:1:      dpeg_arrival_water_altar, layout_loops_ring, xom_teletrap_fun
D:2:      layout_basic, lemuel_doored_altar, serial_aquarium,
          aquarium_bridge_square [aquarium_subvault_wall,
          aquarium_subvault_bridge, aquarium_subvault_wall,
          aquarium_subvault_wall], aquarium_bridge_square
          [aquarium_subvault_wall, aquarium_subvault_window,
          aquarium_subvault_wall, aquarium_subvault_bridge], aquarium_window_2,
          aquarium_window_fake, aquarium_window_2, aquarium_view_2d,
          aquarium_view_2a, aquarium_balcony_3a, first_ration,
          roderic_filled_cross, fedhas_altar_3
D:3:      layout_basic, marbit_many_paths, gammafunk_temple_overflow_statue,
          ebering_ghost_rock_garden, uniq_natasha
D:4:      layout_loops_corners, serial_shops, nicolae_shop_behind_doors,
          serial_park_tiny_1, uniq_menkaure
D:5:      layout_cave_pods, kennysheep_mini_moat, grunt_ministairs_8,
          chequers_avenue, uniq_edmund, uniq_ijyb

Skill      XL: |  1  2  3  4  5  6  7 |
---------------+----------------------+-----
Armour         | 3 4 |  4.0
Axes           | 2 3 4 |  4.8
Shields        | 3 4 |  4.1
Fighting       | 4 |  4.0
Dodging        | 1 |  1.0
Stealth        | |  0.2

Action                   |  1- 3 |  4- 6 |  7- 9 || total
-------------------------+-------+-------+-------++-------
Melee: War axe           |   108 |   164 |    21 ||   293
       Headbutt          |    20 |    33 |     7 ||    60
  Use: Potion            |       |     2 |       ||     2
  Eat: Chunk             |     2 |     8 |       ||    10
Armor: Scale mail        |    34 |       |       ||    34
       Chain mail        |    37 |   122 |     9 ||   168
Dodge: Dodged            |    20 |    31 |     1 ||    52
Block: Shield            |    54 |    98 |     8 ||   160

Table legend:
 A = Non-vault XP
 B = Vault XP
 C = Vault XP percentage of total XP
 D = Non-vault monster count
 E = Vault monster count
 F = Vault count percentage of total count
                 A         B        C        D         E       F
            +---------+---------+-------+---------+---------+-------
      Total |     594 |     217 |  26.8 |      69 |       3 |   4.2
            +---------+---------+-------+---------+---------+-------
        D:1 |      40 |       0 |   0.0 |      16 |       0 |   0.0
        D:2 |      58 |       0 |   0.0 |      20 |       0 |   0.0
        D:3 |     221 |      48 |  17.8 |      20 |       2 |   9.1
        D:4 |     275 |     169 |  38.1 |      13 |       1 |   7.1
            +---------+---------+-------+---------+---------+-------
